 Dungeon Crawl Stone Soup version 0.26-a0-639-g72c4674329 (webtiles) character file.

Game seed: 15211749417155573802

10621 Borgoz the Cruncher (level 11, -2/69 HPs)
             Began as a Gargoyle Gladiator on Sept 19, 2020.
             Was a Priest of Trog.
             Killed by divine providence
             ... invoked by an orc priest
              (11 damage)
             ... on level 12 of the Dungeon.
             The game lasted 00:16:16 (11255 turns).

Borgoz the Cruncher (Gargoyle Gladiator)           Turns: 11255, Time: 00:16:17

Health: -2/69      AC: 18    Str: 18    XL:     11   Next: 65%
Magic:  11/11      EV: 17    Int: 10    God:    Trog [***...]
Gold:   640        SH:  5    Dex: 13    Spells: 10/10 levels left

rFire    . . .     SeeInvis .   a - +1 quarterstaff (vorpal)
rCold    . . .     Faith    .   (shield currently unavailable)
rNeg     + + .     Spirit   .   H - +0 troll leather armour
rPois    ∞         Reflect  +   c - +1 helmet
rElec    +         Harm     .   (no cloak)
rCorr    .         Rampage  .   I - +0 pair of gloves
MR       .....                  g - +0 pair of boots
Stlth    +.........             x - amulet of reflection
HPRegen  0.61/turn              (no ring)
MPRegen  0.12/turn              z - ring of positive energy

@: berserk cooldown, slowed, very slow
A: negative energy resistance 1, electricity resistance, unbreathing,
petrification resistance, rot immunity, AC +8
a: Berserk, Trog's Hand, Renounce Religion


You were on level 12 of the Dungeon.
You worshipped Trog.
Trog was most pleased with you.
You visited 2 branches of the dungeon, and saw 13 of its levels.

You collected 773 gold pieces.
You spent 133 gold pieces at shops.

Inventory:

Hand Weapons
 a - a +1 vorpal quarterstaff (weapon)
Missiles
 d - 2 throwing nets (quivered)
Armour
 c - a +1 helmet (worn)
 g - a +0 pair of boots (worn)
 i - a +2 chain mail of fire resistance
 y - a +2 scale mail of magic resistance
 H - a +0 troll leather armour (worn)
 I - a +0 pair of gloves (worn)
Jewellery
 x - an amulet of reflection (around neck)
 z - a ring of positive energy (right hand)
 A - an uncursed ring of fire
 E - an uncursed ring of flight
Wands
 B - a wand of digging (4)
 D - a wand of flame (37)
Scrolls
 e - a scroll of enchant armour
 h - 9 scrolls of remove curse
 j - 8 scrolls of teleportation
 n - 2 scrolls of amnesia {unknown}
 o - a scroll of brand weapon {unknown}
 q - 3 scrolls of magic mapping
 t - a scroll of blinking
 u - 3 scrolls of noise {unknown}
 v - a scroll of fog {unknown}
 w - 4 scrolls of enchant weapon
 F - 2 scrolls of summoning {unknown}
 G - 2 scrolls of immolation {unknown}
 J - a scroll of acquirement {unknown}
Potions
 b - 5 potions of heal wounds
 f - 2 potions of might
 k - 5 potions of curing
 l - a potion of flight
 m - 3 potions of berserk rage
 p - 2 potions of haste
 r - a potion of ambrosia
 s - 2 potions of cancellation
 C - a potion of mutation


   Skills:
 + Level 8.4 Fighting
 * Level 10.8 Staves
 - Level 1.7 Throwing
 + Level 7.9 Armour
 * Level 9.3 Dodging


You had 10 spell levels left.
You didn't know any spells.
Your spell library was empty.

Dungeon Overview and Level Annotations

Branches:
Dungeon (12/15)            Temple (1/1) D:6            Lair (0/6) D:9
    Orc (0/2) D:9

Altars:
Ashenzari
Dithmenos
Elyvilon
Fedhas
Gozag
Hepliaklqana
Kikubaaqudgha
Makhleb
Nemelex Xobeh
Okawaru
Qazlal
Ru
Sif Muna
Trog
Uskayaw
Vehumet
Wu Jian
Xom
Zin
The Shining One

Shops:
D:8 [   D:11 (

Annotations:
D:11 1 runed translucent door, Flugslaktarn's ghost, journeyman MiFi


Innate Abilities, Weirdness & Mutations

You are resistant to torment.
Your stone body is resilient. (AC +8)
You are immune to poison.
You resist negative energy. (rN+)
You are resistant to electric shocks. (rElec)
You can survive without breathing.
You are immune to petrification.
You are immune to rotting.


Message History

The orc priest calls down the wrath of Beogh upon you.
Beogh smites you!
An orc priest comes into view. It is wielding a +0 club.
The orc priest shouts!
The slime creature quivers.
The slime creature hits you!
The orc priest mumbles some strange prayers to Beogh against you.
Beogh smites you!
* * * LOW HITPOINT WARNING * * *
The slime creature hits you but does no damage.
You block the slime creature's attack.
The orc priest looks encouraged for a moment.
You see here a crocodile corpse.
You block the slime creature's attack.
The orc priest mumbles some strange prayers to Beogh against you.
Beogh smites you!
* * * LOW HITPOINT WARNING * * *
The orc priest mumbles some strange prayers to Beogh against you.
Beogh smites you!
You die...

###### ....#
#.... ...# #.....
..# #..... #.#
#..... #@#
......#+#J#######
........oJ.......
.........J.......
.......o.........
.>...............
.......o.........
#........}.......
#................


You could see 3 slime creatures, 2 orc priests and an orc.

Vanquished Creatures
  Erolcha (D:9)
  Harold (D:8)
  A two-headed ogre (D:11)
  An unseen horror (D:11)
  A gargoyle (D:11)
  A centaur skeleton (D:11)
  3 trolls
  Grinder (D:3)
  A slime creature (D:12)
  A hippogriff (D:7)
  2 shadows
  Grum (D:8)
  2 wargs (D:9)
  Duvessa (D:6)
  3 orc warriors
  An ice beast (D:7)
  2 black bears
  7 ogres
  A necrophage (D:9)
  2 phantoms
  2 sky beasts (D:5)
  3 wolves (D:8)
  7 centaurs (D:11)
  2 crocodiles
  6 bullfrogs
  A big kobold (D:9)
  Dowan (D:6)
  3 scorpions
  10 killer bees
  5 wights
  3 howler monkeys
  A bullfrog zombie (D:6)
  3 centaur zombies
  8 hounds
  A jelly (D:10)
  6 orc priests
  8 orc wizards
  A gnoll shaman (D:5)
  4 worker ants
  4 iguanas
  2 hound zombies (D:8)
  2 hound skeletons
  6 gnolls
  15 adders
  A shadow imp (D:5)
  5 white imps
  An ufetubus (D:9)
  3 oozes
  An adder zombie (D:8)
  A worm (D:4)
  2 dart slugs
  4 leopard geckos
  41 orcs
  3 ball pythons
  5 giant cockroaches
  9 goblins
  9 hobgoblins
  9 jackals
  5 quokkas
  8 bats
  2 frilled lizards
  14 kobolds
  12 rats
273 creatures vanquished.

Vanquished Creatures (others)
  A jelly (D:11)
  An orc (D:11)
2 creatures vanquished.

Grand Total: 275 creatures vanquished

Notes
Turn   | Place    | Note
-------+----------+-------------------------------------------
     0 | D:1      | Borgoz the Gargoyle Gladiator began the quest for the Orb.
     0 | D:1      | Reached XP level 1. HP: 12/12 MP: 1/1
   205 | D:1      | Reached XP level 2. HP: 15/18 MP: 2/2
   387 | D:1      | Reached XP level 3. HP: 20/22 MP: 3/3
   624 | D:1      | Reached skill level 1 in Armour
  1227 | D:2      | Found an opulent altar of Gozag.
  1322 | D:2      | Reached XP level 4. HP: 27/27 MP: 4/4
  1467 | D:2      | Reached skill level 4 in Staves
  1648 | D:3      | Reached XP level 5. HP: 26/32 MP: 5/5
  1758 | D:3      | Noticed Grinder
  1761 | D:3      | Paralysed by Grinder for 6 turns
  1771 | D:3      | Paralysed by Grinder for 2 turns
  1777 | D:3      | Paralysed by Grinder for 7 turns
  1786 | D:3      | Paralysed by Grinder for 4 turns
  2131 | D:3      | Killed Grinder
  2131 | D:3      | Reached XP level 6. HP: 24/37 MP: 6/6
  2339 | D:3      | Found a shadowy altar of Dithmenos.
  2359 | D:3      | Reached skill level 5 in Staves
  2388 | D:3      | Reached XP level 7. HP: 30/42 MP: 7/7
  2536 | D:3      | Found an iron altar of Okawaru.
  2537 | D:3      | Found a glowing silver altar of Zin.
  2643 | D:3      | Found a stormy altar of Qazlal.
  2949 | D:4      | Found the +8 frozen axe "Frostbite" {freezing cloud, *Noise
                  | +Fly rC+}
  3641 | D:5      | Entered Level 5 of the Dungeon
  3678 | D:5      | Reached XP level 8. HP: 48/48 MP: 8/8
  3799 | D:5      | You fall into a shaft and drop 2 floors!
  3842 | D:7      | Reached skill level 6 in Staves
  3910 | D:7      | Reached skill level 5 in Dodging
  4041 | D:7      | Found a burning altar of Makhleb.
  4252 | D:6      | Found a staircase to the Ecumenical Temple.
  4307 | D:6      | Reached skill level 5 in Fighting
  4490 | D:6      | Noticed Duvessa
  4490 | D:6      | Noticed Dowan
  4535 | D:6      | Killed Duvessa
  4541 | D:6      | Killed Dowan
  4541 | D:6      | Reached skill level 7 in Staves
  4710 | D:6      | Reached XP level 9. HP: 54/54 MP: 9/9
  4756 | Temple   | Entered the Ecumenical Temple
  4833 | Temple   | Became a worshipper of Trog the Wrathful
  5156 | D:5      | Reached skill level 5 in Armour
  5715 | D:5      | You fall into a shaft and drop 1 floor!
  6634 | D:7      | Reached * piety under Trog
  6634 | D:7      | Reached skill level 8 in Staves
  7177 | D:8      | Noticed Harold
  7205 | D:8      | Killed Harold
  7205 | D:8      | Reached XP level 10. HP: 39/61 MP: 10/10
  7464 | D:8      | Found Ezurchomp's Armour Shoppe.
  7648 | D:8      | Noticed Grum
  7673 | D:8      | Reached skill level 9 in Staves
  7684 | D:8      | Killed Grum
  8434 | D:9      | Reached ** piety under Trog
  8707 | D:9      | Noticed Erolcha
  8720 | D:9      | Paralysed by Erolcha for 3 turns
  8724 | D:9      | Killed Erolcha
  9099 | D:9      | Found a shimmering altar of Xom.
  9162 | D:9      | Found a staircase to the Lair.
  9179 | D:9      | Reached skill level 10 in Staves
  9179 | D:9      | Reached XP level 11. HP: 63/68 MP: 11/11
  9337 | D:9      | Found a staircase to the Orcish Mines.
  9564 | D:10     | Entered Level 10 of the Dungeon
  9830 | D:10     | Reached *** piety under Trog
 10296 | D:11     | Killed an unseen horror
 10323 | D:11     | Noticed a two-headed ogre
 10336 | D:11     | Killed a two-headed ogre
 10816 | D:11     | Found Xapsixzi's Antique Weapon Emporium.
 10819 | D:11     | Bought a glowing quarterstaff for 133 gold pieces
 11052 | D:11     | Found a runed translucent door.
 11052 | D:11     | Found a shimmering altar of Xom.
 11052 | D:11     | Noticed a +1 mace of chaos
 11052 | D:11     | Noticed Flugslaktarn's ghost (journeyman MiFi)
 11255 | D:12     | Killed from afar by an orc priest

Illustrated notes

Levels and vault maps discovered:
D:1:      psy_arrival_conway, layout_loops_corners
D:2:      layout_basic, old_standard_altar, minivault_27
D:3:      layout_rooms, grunt_dithmenos_smoke_and_mirrors,
          nicolae_overflow_hidden_temple, grunt_qazlal_sundering, uniq_grinder
D:4:      layout_basic
D:5:      layout_basic, st_stairs_1, kennysheep_doodads, minmay_pentangle
D:6:      layout_loops_cross, temple_pool_b, uniq_duvessa
D:7:      layout_basic, basic_altar
D:8:      layout_rooms, serial_shops, nicolae_shop_crystal,
          kennysheep_windowed_goal, uniq_harold, uniq_grum
D:9:      layout_basic, lair_entry_dummy, minmay_orc_entry_guard_dogs,
          basic_altar, uniq_erolcha
D:10:     layout_basic
D:11:     layout_basic, ebering_ghost_xom, serial_shops, kennysheep_mini_moat
D:12:     layout_gridville, serial_shops, kennysheep_mini,
          gauntlet_entry_generic
Temple:   eino_narrow_crystal_temple

Skill      XL: |  1  2  3  4  5  6  7  8  9 10 11 |
---------------+----------------------------------+-----
Armour         | 1 2 3 4 6 7 |  7.9
Dodging        | 3 4 5 7 8 9 |  9.3
Staves         | 4 5 7 8 10 | 10.8
Fighting       | 3 4 5 6 7 8 |  8.4
Throwing       | |  1.7

Action                   |  1- 3 |  4- 6 |  7- 9 | 10-12 || total
-------------------------+-------+-------+-------+-------++-------
Melee: Quarterstaff      |   115 |   155 |   524 |   550 ||  1344
       Unarmed           |       |    10 |       |       ||    10
Throw: Throwing net      |       |     2 |     3 |     3 ||     8
Invok: Berserk           |       |       |     2 |     5 ||     7
  Use: Scroll            |       |     6 |     9 |     6 ||    21
       Potion            |       |     1 |     2 |       ||     3
 Stab: Held in net/web   |       |     2 |     1 |     1 ||     4
Armor: Scale mail        |    58 |    98 |   247 |     3 ||   406
       Leather armour    |     1 |       |       |       ||     1
       Skin              |       |    10 |       |     3 ||    13
       Chain mail        |       |       |       |   245 ||   245
       Troll leather arm |       |       |       |    47 ||    47
Dodge: Dodged            |    71 |   126 |   313 |   352 ||   862
Block: Other             |       |       |    56 |   134 ||   190
       Reflection        |       |       |     1 |     5 ||     6

Table legend: (Time is in decaauts)
 A = Elapsed time spent in this place.
 B = Non-inter-level travel time spent in this place.
 C = Inter-level travel time spent in this place.
 D = Time resting spent in this place.
 E = Time spent auto-exploring this place.
 F = Levels seen in this place.
 G = Mean time per level.
                   A        B        C        D        E       F      G
               +--------+--------+--------+--------+--------+-----+--------+
         Total |  11199 |  10817 |    382 |   1801 |   6712 |  13 |  861.5 |
       Dungeon |  11095 |  10722 |    373 |   1801 |   6627 |  12 |  924.6 |
        Temple |    104 |     95 |      9 |      0 |     85 |   1 |  104.0 |
               +--------+--------+--------+--------+--------+-----+--------+

Top non-repeatable levels by time:
     D:6: 1249 daAuts
     D:9: 1243 daAuts
     D:8: 1238 daAuts
     D:5: 1174 daAuts
     D:1: 1041 daAuts
    D:11: 984 daAuts
     D:3: 881 daAuts
     D:2: 880 daAuts
     D:4: 866 daAuts
     D:7: 857 daAuts
    D:10: 654 daAuts
  Temple: 104 daAuts
    D:12: 23 daAuts
